 Dungeon Crawl Stone Soup version 0.20.1-1-g8b1a95d (console) character file.

893 hilaritas the Chiller (level 7, -1/36 HPs)
             Began as a Deep Elf Ice Elementalist on Sept 8, 2017.
             Was an Initiate of Vehumet.
             Slain by Grinder (3 damage)
             ... on level 5 of the Dungeon.
             The game lasted 00:15:42 (5317 turns).

hilaritas the Chiller (Deep Elf Ice Elementalist)   Turns: 5317, Time: 00:15:42

Health: -1/36      AC:  8    Str:  7    XL:     7   Next: 78%
Magic:  1/18       EV: 13    Int: 25    God:    Vehumet [......]
Gold:   200        SH:  0    Dex: 15    Spells: 4/18 levels left

rFire    . . .     SeeInvis .   s - +1 dagger (freeze)
rCold    . . .     Gourm    +   (no shield)
rNeg     . . .     Faith    .   a - +0 robe
rPois    .         Spirit   .   (no helmet)
rElec    .         Reflect  .   (no cloak)
rCorr    .         Harm     .   (no gloves)
MR       .....                  (no boots)
Stlth    ++........             n - amulet of the gourmand
Regen    0.2/turn               (no ring)
MPRegen  0.2/turn               (no ring)

@: brilliant, icy armour, slow
A: no striking features
a: Renounce Religion


You were on level 5 of the Dungeon.
You worshipped Vehumet.
Vehumet was noncommittal.
You were not hungry.

You visited 2 branches of the dungeon, and saw 6 of its levels.

You collected 200 gold pieces.

Inventory:

Hand Weapons
 s - a +1 dagger of freezing (weapon)
Missiles
 d - 97 stones (quivered)
 e - 4 exploding tomahawks
 q - 96 arrows
Armour
 a - a +0 robe (worn)
Jewellery
 n - an amulet of the gourmand (around neck)
Scrolls
 h - 7 scrolls of identify
 k - a scroll of fear
 m - 2 scrolls of teleportation
 r - 2 scrolls of remove curse
Books
 b - a book of Frost

   Spells                             Type                      Level
   a - Freeze                         Ice                          1
   b - Throw Frost                    Conjuration/Ice              2
   c - Ozocubu's Armour               Charms/Ice                   3
   d - Throw Icicle                   Conjuration/Ice              4
   e - Summon Ice Beast               Ice/Summoning                4
Comestibles
 c - 3 bread rations
 f - a royal jelly
 o - 3 meat rations


   Skills:
 - Level 2.4 Dodging
 - Level 2.4 Stealth
 - Level 6.3 Spellcasting
 * Level 4.6 Conjurations
 + Level 7.9 Ice Magic


You had 4 spell levels left.
You knew the following spells:

 Your Spells              Type           Power        Failure   Level  Hunger
a - Freeze                Ice            ####         1%          1    None
b - Throw Frost           Conj/Ice       ######       1%          2    None
c - Ozocubu's Armour      Chrm/Ice       #####...     1%          3    None
d - Throw Icicle          Conj/Ice       ######..     1%          4    ###....
e - Summon Ice Beast      Ice/Summ       #####...     1%          4    ###....


Dungeon Overview and Level Annotations

Branches:
Dungeon (5/15)             Temple (1/1) D:4

Altars:
Ashenzari
Elyvilon
Fedhas
Makhleb
Okawaru
Qazlal
Ru
Vehumet
Xom
Yredelemnul

Annotations:
D:5 Grinder


Message History

Press: ? - help, Shift-Dir - straight line, f/p - Grinder
Aim: Grinder (severely wounded)
You freeze Grinder.
Grinder completely resists.
Grinder is severely wounded.
Grinder says, "You look like you could use a good racking."
Grinder misses you.
You closely miss Grinder.
Grinder is severely wounded.
Grinder hits you.
* * * LOW HITPOINT WARNING * * *
You writhe in agony.
* * * LOW HITPOINT WARNING * * *
You feel better. Grinder gestures at you. You resist with some effort.
You feel clever all of a sudden. Grinder hits you!
* * * LOW HITPOINT WARNING * * *
You writhe in agony.
You die...

.p# #.# ##+# p.. ##...##
#.## ##.....## #..##
##.......##
#######...####.........#
.......5.....'.........'
#@..# #.........# #(.##
#.......## #)##
##.....## #[## ##...##
#..# ##'## ##.# #.# #.#
#.# #.# ##.##### #.#
###....... #.#
#......##. #.#
#.###..##.


You could see Grinder and 2 neutral freed slaves.

Vanquished Creatures
  Pikel (D:5)
  Edmund (D:4)
  A slave (D:5)
  A crimson imp (D:5)
  An orc priest (D:4)
  An iguana (D:4)
  2 worker ants (D:4)
  A killer bee zombie (D:5)
  A hound skeleton (D:4)
  8 adders
  An ooze (D:1)
  6 worms
  2 dart slugs
  A leopard gecko (D:1)
  6 orcs (D:4)
  6 bats
  6 giant cockroaches
  11 goblins
  4 hobgoblins
  5 jackals
  2 quokkas
  6 frilled lizards
  8 kobolds
  7 rats
  A spectral orc (D:2)
90 creatures vanquished.

Vanquished Creatures (others)
  A slave (D:5)
1 creature vanquished.

Grand Total: 91 creatures vanquished

Notes
Turn   | Place    | Note
-------+----------+-------------------------------------------
     0 | D:1      | hilaritas the Deep Elf Ice Elementalist began the quest for the Orb.
     0 | D:1      | Reached XP level 1. HP: 10/10 MP: 6/6
   363 | D:1      | Reached skill level 4 in Ice Magic
   363 | D:1      | Reached XP level 2. HP: 7/15 MP: 2/8
   520 | D:1      | Learned a level 2 spell: Throw Frost
  1352 | D:2      | Reached XP level 3. HP: 19/19 MP: 7/9
  1374 | D:2      | Learned a level 3 spell: Ozocubu's Armour
  1411 | D:2      | Found an iron altar of Okawaru.
  1510 | D:2      | Found a basalt altar of Yredelemnul.
  1740 | D:2      | Reached skill level 5 in Ice Magic
  2134 | D:2      | Reached XP level 4. HP: 21/24 MP: 4/10
  2365 | D:2      | Learned a level 4 spell: Throw Icicle
  3282 | D:3      | Found a shattered altar of Ashenzari.
  3615 | D:4      | Reached skill level 5 in Spellcasting
  3615 | D:4      | Reached XP level 5. HP: 28/28 MP: 10/14
  3621 | D:4      | Learned a level 4 spell: Summon Ice Beast
  3925 | D:4      | Found a staircase to the Ecumenical Temple.
  3932 | Temple   | Entered the Ecumenical Temple
  3940 | Temple   | Became a worshipper of Vehumet
  3952 | D:4      | Noticed Edmund
  3962 | D:4      | Killed Edmund
  3962 | D:4      | Reached XP level 6. HP: 14/32 MP: 3/17
  4733 | D:5      | Entered Level 5 of the Dungeon
  4736 | D:5      | Reached skill level 6 in Ice Magic
  5151 | D:5      | Noticed a slave
  5161 | D:5      | Killed a slave
  5162 | D:5      | Noticed Pikel
  5162 | D:5      | Noticed a slave
  5162 | D:5      | Noticed a slave
  5163 | D:5      | Noticed a slave
  5179 | D:5      | Killed Pikel
  5179 | D:5      | Reached skill level 7 in Ice Magic
  5179 | D:5      | Reached XP level 7. HP: 11/36 MP: 0/18
  5293 | D:5      | Noticed Grinder
  5317 | D:5      | Slain by Grinder

Skill      XL: |  1  2  3  4  5  6 |
---------------+-------------------+-----
Ice Magic      | 4 5 7 |  7.9
Conjurations   | 2 4 |  4.6
Spellcasting   | 5 6 |  6.3
Dodging        | |  2.4
Stealth        | |  2.4

Action                   |  1- 3 |  4- 6 |  7- 9 || total
-------------------------+-------+-------+-------++-------
Melee: Dagger            |     2 |    46 |     3 ||    51
 Cast: Freeze            |    57 |   110 |     9 ||   176
       Throw Frost       |     1 |    24 |     6 ||    31
       Ozocubu's Armour  |       |     3 |     1 ||     4
       Throw Icicle      |       |       |     4 ||     4
  Use: Scroll            |       |    10 |       ||    10
       Potion            |       |     6 |     3 ||     9
  Eat: Chunk             |     3 |    17 |       ||    20
Armor: Robe              |     3 |    11 |     3 ||    17
       Skin              |       |    35 |       ||    35
Dodge: Dodged            |    26 |    74 |     6 ||   106
